 Dungeon Crawl Stone Soup version 0.28.0-53-g5a82cb258f (webtiles) character file.

Game seed: 1323707396030326113

235 yokelz the Sneak (level 6, 0/39 HPs)
             Began as an Octopode Brigand on Aug 5, 2022.
             Killed from afar by an orc wizard (11 damage)
             ... with a magic dart
             ... on level 3 of the Dungeon.
             The game lasted 00:04:36 (2245 turns).

yokelz the Sneak (Octopode Brigand)                 Turns: 2245, Time: 00:04:37

Health: 0/39       AC:  3    Str: 10    XL:     6   Next: 6%
Magic:  6/6        EV: 13    Int: 16    God:
Gold:   148        SH:  0    Dex: 13    Spells: 5/5 levels left

rFire   . . .      SeeInvis .   a - +2 dagger
rCold   . . .      Faith    .   (no shield)
rNeg    . . .      Spirit   .   e - +2 hat
rPois   .          Reflect  .   (no amulet)
rElec   .          Harm     .   (no ring)
rCorr   .          Rampage  .   (no ring)
Will    .....                   (no ring)
Stlth   ++........              (no ring)
HPRegen 0.13/turn               (no ring)
MPRegen 0.10/turn               (no ring)
                                (no ring)
                                (no ring)

@: confused
A: almost no armour, amphibious, 8 rings, camouflage 1, gelatinous body 1,
(nimble swimmer 1), tentacles
a: no special abilities


You were on level 3 of the Dungeon.
You visited 1 branch of the dungeon, and saw 5 of its levels.

You collected 148 gold pieces.

Inventory:

Hand Weapons
 a - a +2 dagger (weapon)
Missiles
 b - 7 poisoned darts (quivered)
Armour
 e - a +2 hat (worn)
 h - a +0 kite shield
Scrolls
 f - 2 scrolls of vulnerability {unknown}
 g - a scroll of enchant armour {unknown}
 i - 2 scrolls of identify {unknown}
 j - a scroll of teleportation {unknown}
 k - a scroll of amnesia {unknown}
 o - a scroll of enchant weapon {unknown}
Potions
 d - a potion of heal wounds {unknown}
 l - a potion of lignification {unknown}
 m - a potion of might {unknown}
 n - a potion of curing {unknown}


   Skills:
 - Level 2.0 Fighting
 - Level 4.1 Short Blades
 - Level 2.0 Throwing
 + Level 3.0 Dodging
 - Level 7.2 Stealth


You had 5 spell levels left.
You didn't know any spells.
Your spell library contained the following spells:

 Spells                   Type           Power      Damage    Failure   Level
 Animate Skeleton         Necr           0%         N/A       26%         1
 Pain                     Necr           0%         1d4       26%         1
 Vampiric Draining        Necr           0%         2d6       58%         3


Dungeon Overview and Level Annotations

Branches:
Dungeon (5/15)
 Temple: D:4-7

Altars:
Sif Muna

Annotations:
D:3 2 transporters, kthxbai's ghost, weakling DgIE


Innate Abilities, Weirdness & Mutations

You cannot wear most types of armour.
You are amphibious.
You can wear up to eight rings at the same time.
Your skin changes colour to match your surroundings (Stealth+).
Your rubbery body absorbs attacks. (AC +1, EV +1)
((You are camouflaged when in or above water. (Stealth+)))
You have tentacles for arms and can constrict up to eight enemies at once.


Message History

Items here: ( ) [ †.
The orc wizard hits you with a +0 dagger.
The orc wizard shouts!
You hit the orc wizard. Your grab misses the orc wizard.
The orc wizard is lightly wounded.
The orc wizard mumbles some strange words.
The orc wizard flickers and vanishes!
Deactivating autopickup; reactivate with Ctrl-A.
You hit something but do no damage. Your squeeze misses something.
Something hits you but does no damage.
You miss something. Your squeeze misses something.
You completely miss something.
You hear some strange, mumbled words.
A magic dart appears from out of thin air!
The magic dart hits you!
You barely miss something. Something hits you.
You closely miss something.
The orc shouts! x2
Your squeeze misses something. Something hits you.
You hit something. Something hits you.
You miss something.
The orc wizard points at you and mumbles some strange words.
The orc priest looks encouraged for a moment.
You hit something. Something hits you but does no damage.
The orc wizard mumbles some strange words.
The orc wizard flickers and vanishes!
You hit something.
You hear some strange, mumbled words.
You are confused.
You completely miss something. Your squeeze misses something.
The orc priest invokes the aid of Beogh against you.
Something writhes in agony!
Something hits you.
You bump into the rock wall.
The orc priest invokes the aid of Beogh against you.
Beogh smites you!
* * * LOW HITPOINT WARNING * * *
You hear some strange, mumbled words.
A magic dart appears from out of thin air!
The magic dart hits you!
You die...

#..#..#8...8#..#..# ##.#####
##..#..##...##..#..###......##
....#...........#..##........#
....#........ZZW#..#..........#
....#############..#..........#
..........©........#..........#
...................#..........#
...######..####)####o.........#
##.## #.......(.@{{oo........##
#..# #<........####..........
##.# #.........# #..........
#.# #.........# #..o.......
#.#####.####... #...b......
###..#....####.## #..<.......
<..#.#.##......# #.........#
...........##### #........##
.......###(.# #..#######


You could see an orc priest, 2 orcs, a water moccasin skeleton and a wyvern
skeleton.

Vanquished Creatures
  A necrophage (D:3)
  An orc warrior (D:3)
  2 adders (D:2)
  A worm (D:2)
  5 ball pythons
  6 endoplasms
  4 hobgoblins
  2 jackals (D:3)
  3 quokkas
  2 bats
  2 frilled lizards
  2 goblins (D:2)
  3 kobolds
  6 rats
40 creatures vanquished.

Notes
Turn   | Place    | Note
-------+----------+-------------------------------------------
     0 | D:1      | yokelz the Octopode Brigand began the quest for the Orb.
     0 | D:1      | Reached XP level 1. HP: 14/14 MP: 1/1
   148 | D:1      | You fall into a shaft and drop 1 floor!
   175 | D:2      | Found a faded altar of an unknown god.
   238 | D:2      | Reached XP level 2. HP: 19/19 MP: 2/2
   247 | D:2      | Reached skill level 6 in Stealth
   347 | D:2      | Reached XP level 3. HP: 24/24 MP: 3/3
   500 | D:2      | Reached skill level 7 in Stealth
  1599 | D:3      | Found a transporter.
  1667 | D:3      | Found a transporter.
  1670 | D:3      | Noticed an orc warrior
  1912 | D:3      | Noticed kthxbai's ghost (weakling DgIE)
  1934 | D:3      | Reached XP level 4. HP: 29/29 MP: 4/4
  1953 | D:5      | Entered Level 5 of the Dungeon
  1987 | D:3      | Found a shimmering blue altar of Sif Muna.
  2133 | D:3      | Noticed a necrophage
  2140 | D:3      | Killed a necrophage
  2141 | D:3      | Reached XP level 5. HP: 34/34 MP: 5/5
  2229 | D:3      | Killed an orc warrior
  2230 | D:3      | Reached XP level 6. HP: 39/39 MP: 6/6
  2245 | D:3      | Killed from afar by an orc wizard

Illustrated notes

Levels and vault maps discovered:
D:1:      lemuel_arrival_funnel, layout_rooms
D:2:      layout_loops_corners, ebering_ecumenical_altar_mist,
          nicolae_concentric_dashed_squares_mild
D:3:      layout_rooms, mainiacjoe_overflow_brackets, gammafunk_ghost_mausoleum,
          st_stairs_6
D:4:      layout_loops_corners, mainiacjoe_overflow_concentric_impassable
D:5:      layout_rooms, nicolae_overflow_hallway_of_the_gods, temple_fountains,
          minivault_26, minmay_mini_ossuary

Skill      XL: |  1  2  3  4  5 |
---------------+----------------+-----
Stealth        | 6 7 |  7.2
Short Blades   | 4 |  4.1
Dodging        | 3 |  3.0
Fighting       | |  2.0
Throwing       | |  2.0

Action                   |  1- 3 |  4- 6 || total
-------------------------+-------+-------++-------
Melee: Dagger            |    62 |    20 ||    82
       Constrict         |    11 |     2 ||    13
       Tentacles         |     8 |     2 ||    10
       Punch             |     2 |       ||     2
Throw: Dart              |       |     3 ||     3
 Stab: Sleeping          |    16 |     1 ||    17
Armor: Skin              |     9 |     4 ||    13
Dodge: Dodged            |    37 |     6 ||    43
